 Dungeon Crawl Stone Soup version 0.30-a0-1075-gcd70e7a56d (webtiles) character file.

Game seed: 3753874381977757728

189 funkygono the Trooper (level 5, -5/47 HPs)
             Began as a Minotaur Fighter on Apr 14, 2023.
             Slain by Edmund
             ... wielding a +3 dire flail of protection
              (13 damage)
             ... on level 4 of the Dungeon.
             The game lasted 00:03:47 (2853 turns).

funkygono the Trooper (Minotaur Fighter)            Turns: 2853, Time: 00:03:47

Health: -5/47      AC:  7    Str: 23    XL:     5   Next: 40%
Magic:  4/4        EV:  9    Int:  5    God:
Gold:   174        SH:  4    Dex:  9    Spells: 4/4 levels left

rFire   . . .      SeeInvis .    a - +0 war axe
rCold   . . .      Faith    .    c - +0 buckler
rNeg    . . .      Spirit   .    b - +0 scale mail
rPois   .          Reflect  .    (helmet restricted)
rElec   .          Rampage  .    (no cloak)
rCorr   .          Harm     + .  (no gloves)
Will    .....                    (no boots) Stlth
                                 p - amulet "Nesa" {Acrobat Harm}
HPRegen 0.27/turn                (no ring)
MPRegen 0.09/turn                (no ring)

@: no status effects
A: horns 2, retaliatory headbutt
a: no special abilities


You were on level 4 of the Dungeon.
You visited 1 branch of the dungeon, and saw 4 of its levels.

You collected 174 gold pieces.

Inventory:

Hand Weapons
 a - a +0 war axe (weapon)
Missiles
 i - 2 throwing nets (quivered)
 u - 4 silver boomerangs
Armour
 b - a +0 scale mail (worn)
 c - a +0 buckler (worn)
Jewellery
 p - the amulet "Nesa" (around neck) {Acrobat Harm}
   (You found it on level 2 of the Dungeon)

   [amulet of the acrobat]

   It increases your evasion while moving and waiting.
   Harm:      It increases damage dealt and taken.
Wands
 r - a wand of charming (5)
Scrolls
 e - a scroll of poison {unknown}
 f - a scroll of acquirement {unknown}
 h - a scroll of fog {unknown}
 j - 2 scrolls of blinking {unknown}
 l - 9 scrolls of identify {unknown}
 o - a scroll of brand weapon {unknown}
 q - a scroll of magic mapping {unknown}
 s - a scroll of teleportation {unknown}
 t - a scroll of noise {unknown}
Potions
 d - 2 potions of might
 g - a potion of heal wounds {unknown}
 k - 2 potions of mutation {unknown}
 m - 3 potions of curing {unknown}
 n - a potion of lignification {unknown}
 v - a potion of flight {unknown}
 w - a potion of ambrosia {unknown}


   Skills:
 + Level 4.7 Fighting
 + Level 4.4 Axes
 + Level 4.6 Armour
 + Level 1.0 Dodging
 + Level 4.4 Shields


You had 4 spell levels left.
You didn't know any spells.
Your spell library contained the following spells:

 Spells                   Type           Power      Damage    Failure   Level
 Apportation              Tloc           0%         N/A       86%         1
 Necrotise                Necr           0%         1d4       86%         1
 Sandblast                Erth           0%         2d4       86%         1
 Summon Small Mammal      Summ           0%         N/A       86%         1
 Ensorcelled Hibernation  Hex/Ice        0%         N/A       95%         2
 Passwall                 Tmut/Erth      0%         N/A       95%         2
 Stone Arrow              Conj/Erth      0%         3d7       99%         3
 Swiftness                Air            0%         N/A       99%         3


Dungeon Overview and Level Annotations

Branches:
Dungeon (4/15)
 Temple: D:4-7

Altars:
Ashenzari

Annotations:
D:4 Edmund


Innate Abilities, Weirdness & Mutations

You have a pair of horns on your head.
You reflexively headbutt those who attack you in melee.


Message History

Items here: ))) [ ††.
Okay, then.
HP restored.
l - 9 scrolls labelled IKKYOSTR WOUZUWK (gained 3)
Found a stone staircase leading up.
w - a white potion A hobgoblin comes into view.
The hobgoblin shouts!
The hobgoblin closely misses you.
You closely miss the hobgoblin. You headbutt the hobgoblin.
You kill the hobgoblin!
You see here a hobgoblin corpse.
You now have 174 gold pieces (gained 6).
Edmund the Younger comes into view.
He is wielding a +3 dire flail of protection.
Edmund moves out of view.
Edmund completely misses you.
You barely miss Edmund.
Edmund hits you with a +3 dire flail of protection.
You hit Edmund but do no damage. Your headbutt misses Edmund.
Edmund closely misses you.
You closely miss Edmund.
Edmund hits you with a +3 dire flail of protection!
Edmund hits you with a +3 dire flail of protection.
You barely miss Edmund. You headbutt Edmund, but do no damage.
Edmund says, "I might not be good at magic, but I can still kill you!"
Edmund hits you with a +3 dire flail of protection!
You hit Edmund.
Edmund is lightly wounded.
Edmund hits you but does no damage.
You barely miss Edmund.
Edmund is lightly wounded.
Edmund barely misses you. x2
You hit Edmund but do no damage.
Edmund is lightly wounded.
Edmund hits you with a +3 dire flail of protection!
* * * LOW HITPOINT WARNING * * *
You hit Edmund.
Edmund is lightly wounded.
Edmund hits you with a +3 dire flail of protection!
You die...

...............####
###..##.######....#
#.##..# ####.# ##.##.##
#...# .#.####..##.#
####.###
............#####.<..####
#.##.#...###.....#.....##
.##.....##.............#
........@#...............
...###...@#...............
## ###.........†........
#.#................
#..................
...##.............# #..
##.....#.....## ..
########...... #......


You could see Edmund.

Vanquished Creatures
  A phantom (D:2)
  3 adders
  An ufetubus (D:4)
  A worm (D:2)
  3 dart slugs
  4 orcs
  4 ball pythons
  3 bats
  7 endoplasms
  5 giant cockroaches
  6 goblins
  9 hobgoblins
  2 kobolds
  5 quokkas
  5 frilled lizards
  8 rats
67 creatures vanquished.

Notes
Turn   | Place    | Note
-------+----------+-------------------------------------------
     0 | D:1      | funkygono the Minotaur Fighter began the quest for the Orb.
     0 | D:1      | Reached XP level 1. HP: 19/19 MP: 0/0
    65 | D:1      | Reached XP level 2. HP: 23/27 MP: 1/1
   533 | D:1      | You fall into a shaft and drop 1 floor!
   742 | D:2      | Reached XP level 3. HP: 33/33 MP: 2/2
  1624 | D:2      | Noticed a phantom
  1636 | D:2      | Killed a phantom
  1637 | D:2      | Reached XP level 4. HP: 25/41 MP: 3/3
  1732 | D:2      | Identified the amulet "Nesa" {Acrobat Harm}
  2189 | D:3      | Found a broken altar of Ashenzari.
  2232 | D:3      | Reached XP level 5. HP: 47/47 MP: 4/4
  2424 | D:3      | Reached skill level 1 in Dodging
  2842 | D:4      | Noticed Edmund
  2853 | D:4      | Slain by Edmund

Illustrated notes

Levels and vault maps discovered:
D:1:      enne_arrival_octagon_isle, layout_basic
D:2:      minmay_inner_zag, layout_loops_corners, minivault_5, chequers_avenue,
          minmay_octomino_e4
D:3:      layout_basic, mainiacjoe_overflow_paths,
          nicolae_concentric_dashed_squares_mild
D:4:      layout_rooms, uniq_natasha, uniq_edmund

Skill      XL: |  1  2  3  4  5 |
---------------+----------------+-----
Armour         | 4 |  4.6
Fighting       | 4 |  4.7
Shields        | 4 |  4.4
Axes           | 3 4 |  4.4
Dodging        | 1 |  1.0

Action                     |  1- 3 |  4- 6 || total
---------------------------+-------+-------++-------
  Melee: War axe           |    83 |    43 ||   126
         Headbutt          |    11 |     6 ||    17
 Armour: Scale mail        |    37 |     9 ||    46
  Dodge: Dodged            |    32 |    38 ||    70
  Block: Buckler           |    30 |     7 ||    37

Table legend: (Time is in decaauts)
 A = Elapsed time spent in this place.
 B = Non-inter-level travel time spent in this place.
 C = Inter-level travel time spent in this place.
 D = Time resting spent in this place.
 E = Time spent auto-exploring this place.
 F = Levels seen in this place.
 G = Mean time per level.
                   A        B        C        D        E       F      G
               +--------+--------+--------+--------+--------+-----+--------+
         Total |   2902 |   2771 |    131 |      0 |   2298 |   4 |  725.5 |
       Dungeon |   2902 |   2771 |    131 |      0 |   2298 |   4 |  725.5 |
               +--------+--------+--------+--------+--------+-----+--------+

Top non-repeatable levels by time:
     D:2: 1328 daAuts
     D:1: 897 daAuts
     D:3: 536 daAuts
     D:4: 140 daAuts
